 Dungeon Sprint DCSS version 0.30-a0-12-gd8047c6341 (webtiles) character file.

Game seed: 8649753104300159621

21644 mhtbhm the Ninja (level 12, -3/61 HPs)
             Began as a Spriggan Brigand on Aug 24, 2022.
             Was the Champion of Dithmenos.
             Succumbed to a sea snake's poison
             ... in the Dungeon (Sprint III: "The Ten Rune Challenge").
             The game lasted 00:13:18 (2210 turns).

mhtbhm the Ninja (Spriggan Brigand)                 Turns: 2210, Time: 00:13:19

Health: -3/61      AC:  5    Str:  7    XL:     12   Next: 56%
Magic:  32/32      EV: 29    Int: 13    God:    Dithmenos [******]
Gold:   3271       SH:  4    Dex: 21    Spells: 31/42 levels left

rFire   . . .      SeeInvis +    a - +0 dagger (venom)
rCold   . . .      Faith    .    (no shield)
rNeg    . . .      Spirit   .    b - +2 robe {Archmagi}
rPois   .          Reflect  .    g - +1 hat
rElec   .          Harm     .    c - +0 cloak
rCorr   .          Rampage  .    (gloves unavailable)
Will    +++..      Archmagi +    (boots unavailable) Stlth *********+ NoTele +
                                 (no amulet)
HPRegen 0.20/turn                j - ring of flight
MPRegen 0.23/turn                (no ring)

@: lethally poisoned (-3 -> -55), flying, hasted, wreathed by umbra, very quick
A: very small, no large weapons, unfitting armour, see invisible, speed 3,
hooves 1, large bone plates 1, deformed body, strong-willed 1
a: Renounce Religion, Shadow Step, Shadow Form


You were in the Dungeon.
You worshipped Dithmenos.
Dithmenos was exalted by your worship.
You visited 1 branch You collected 4198 gold pieces.
You spent 927 gold pieces at shops.

Inventory:

Hand Weapons
 a - a +0 dagger of venom (weapon)
Missiles
 d - 7 poisoned darts (quivered)
Armour
 b - a +2 robe of the Archmagi (worn)
 c - a +0 cloak (worn)
 g - a +1 hat (worn)
Jewellery
 j - a ring of flight (left hand)
Scrolls
 k - a scroll of blinking
 m - a scroll of poison
Potions
 f - 3 potions of curing
 i - 2 potions of magic
 l - a potion of attraction
 o - 3 potions of flight
 p - a potion of brilliance
 r - a potion of cancellation {unknown}
 s - 2 potions of degeneration {unknown}
Miscellaneous
 q - a box of beasts (inert)


   Skills:
 + Level 6.0 Fighting
 + Level 13.3 Short Blades
 - Level 8.5 Throwing
 + Level 13.5 Dodging
 O Level 27 Stealth
 + Level 5.0 Shields
 * Level 15.9 Spellcasting
 * Level 15.7 Hexes
 + Level 3.2 Invocations
 + Level 5.6 Evocations


You had 31 spell levels left.
You knew the following spells:

 Your Spells              Type           Power      Damage    Failure   Level
a - Slow                  Hex            100%       N/A       0%          1
b - Confusing Touch       Hex            67%        N/A       1%          3
c - Ensorcelled Hibernat  Hex/Ice        92%        N/A       1%          2
d - Passwall              Tmut/Erth      12%        N/A       10%         2
e - Swiftness             Air            15%        N/A       19%         3

Your spell library contained the following spells:

 Spells                   Type           Power      Damage    Failure   Level
 Sublimation of Blood     Necr           15%        N/A       10%         2
 Wereblood                Tmut           15%        N/A       10%         2
 Vampiric Draining        Necr           15%        2d7       19%         3
 Summon Hydra             Summ           7%         N/A       100%        7


Dungeon Overview and Level Annotations

Branches:
Dungeon (1/1)

Altars:
Cheibriados
Dithmenos
Elyvilon
Fedhas
Gozag
Hepliaklqana
Kikubaaqudgha
Makhleb
Nemelex Xobeh
Okawaru
Qazlal
Ru
Sif Muna
Trog
Uskayaw
Vehumet
Wu Jian
Xom
Yredelemnul
Zin
The Shining One
Jiyva
Lugonu

Shops:
D :=([:([!!?(!

Annotations:
D exclusion: orange crystal statue, Ilsuiw


Innate Abilities, Weirdness & Mutations

You are very small and have problems with some larger weapons.
You are too small for most types of armour.
You have supernaturally acute eyesight. (SInv)
You cover ground extremely quickly. (Speed+++)
You have large cloven feet.
You are partially covered in large bone plates. (SH +4)
Armour fits poorly on your strangely shaped body.
You are strong-willed. (Will+)


Message History

You emit a cloud of dark smoke.
Ilsuiw freezes you.
You hit the sea snake.
The sea snake looks as sick as possible!
Your kick misses the sea snake.
The sea snake is lightly wounded.
You closely miss the sea snake.
The sea snake is lightly wounded.
Your shadow barely misses the sea snake.
The sea snake completely misses you.
Unknown command.
You closely miss the sea snake. Your kick misses the sea snake.
The sea snake is lightly wounded.
The water elemental completely misses you.
The water elemental barely misses you.
You hit the sea snake.
The sea snake looks as sick as possible!
The sea snake is lightly wounded.
You puncture the sea snake!
The sea snake looks as sick as possible!
Your kick misses the sea snake.
The sea snake is moderately wounded.
The sea snake bites you!
* * * LOW HITPOINT WARNING * * *
You emit a cloud of dark smoke.
You are lethally poisoned!
The sea snake poisons you!
Ilsuiw gestures wildly while chanting.
Ilsuiw blinks!
You hear a shout!
You closely miss the sea snake.
You kick the sea snake, but do no damage.
The sea snake is moderately wounded.
Your shadow hits the sea snake with a dagger.
* * * LOW HITPOINT WARNING * * *
You emit a cloud of dark smoke.
You feel very sick. The water elemental barely misses you.
You block the water elemental's attack.
You hit the sea snake but do no damage. Your kick misses the sea snake.
The sea snake is moderately wounded.
You die...

♣♣♣♣♣♣#..♣♣ ♣♣♣##'###
###'♣♣♣♣♣♣♣♣♣♣♣♣♣♣♣ #...'.
#♣ ♣♣♣♣.##..##~~~~~≈.†#
#...#. .♣
♣...##.##.#~~~~≈...# #).)#.
#+ ♣♣.##.##.##'~~~≈≈###
#####. ♣..#.##...#~†...°°○
#..... ♣♣.##.##.)#§§§+####
#....P ♣♣.##.#####E§§#
#.))PP ♣.....##§S@EE§#
#.).)P
########§#############'####
▓~~≈≈≈≈≈≈≈≈≈≈▓#.....
▓≈≈~≈≈≈≈≈≈≈≈≈▓#.####
▓≈≈≈..≈≈≈≈≈..▓#.#
▓≈≈....~~~..S▓#.# ▓≈≈≈..m≈≈
#.# ▓≈≈≈≈≈≈≈m #.# ▓≈~~~~~≈≈
#.# ##


You could see a sea snake (extremely poisoned) and 3 water elementals.

Vanquished Creatures
  Rupert (D)
  Polyphemus (D)
  Frances (D)
  Gastronok (D)
  Donald (D)
  2 dire elephants (D)
  Azrael (D)
  A yaktaur captain (D)
  Erolcha (D)
  2 hydras (D)
  Urug (D)
  A death drake (D)
  A lindwurm (D)
  A deep elf pyromancer (D)
  4 crystal guardians (D)
  2 elephants (D)
  3 yaktaurs (D)
  A rime drake (D)
  A komodo dragon (D)
  3 wandering mushrooms (D)
  2 tyrant leeches (D)
  2 orc high priests (D)
  3 blink frogs (D)
  3 dream sheep (D)
  A shadow (D)
  5 redbacks (D)
  A spatial vortex (D)
  A swamp drake (D)
  2 orc warriors (D)
  5 two-headed ogres (D)
  A necrophage (D)
  A water elemental (D)
  An electric eel (D)
  3 orc priests (D)
  A jelly (D)
  Jessica (D)
  A necromancer (D)
  An orc wizard (D)
  A wizard (D)
  3 humans (D)
  A kobold demonologist (D)
  A phantom (D)
  12 orcs (D)
  A bat (D)
  2 endoplasms (D)
  A rat (D)
87 creatures vanquished.

Vanquished Creatures (collateral kills)
  2 cane toads (D)
  2 blink frogs (D)
  An orc (D)
5 creatures vanquished.

Vanquished Creatures (others)
  9 plants (D)
9 creatures vanquished.

Grand Total: 101 creatures vanquished

Notes
Turn   | Place    | Note
-------+----------+-------------------------------------------
     0 | D        | mhtbhm the Spriggan Brigand began the quest for the Orb.
     0 | D        | Reached XP level 1. HP: 10/10 MP: 2/2
     8 | D        | Reached skill level 6 in Stealth
    79 | D        | Noticed Jessica
    82 | D        | Reached skill level 7 in Stealth
    84 | D        | Killed Jessica
    85 | D        | Reached skill level 9 in Stealth
    85 | D        | Reached XP level 2. HP: 15/15 MP: 3/3
    85 | D        | Reached XP level 3. HP: 18/18 MP: 4/4
   129 | D        | Reached skill level 10 in Stealth
   209 | D        | Gained mutation: You have large cloven feet. [potion of
                  | mutation]
   209 | D        | Gained mutation: You are somewhat resistant to further
                  | mutation. [potion of mutation]
   210 | D        | Lost mutation: You are somewhat resistant to further
                  | mutation. [potion of mutation]
   210 | D        | Lost mutation: You have large cloven feet. [potion of
                  | mutation]
   210 | D        | Gained mutation: You are weak. (Str -2) [potion of
                  | mutation]
   210 | D        | Gained mutation: Your body sometimes deteriorates upon
                  | taking damage. [potion of mutation]
   211 | D        | Lost mutation: You are weak. (Str -2) [potion of mutation]
   211 | D        | Lost mutation: Your body sometimes deteriorates upon taking
                  | damage. [potion of mutation]
   211 | D        | Gained mutation: You are partially covered in large bone
                  | plates. (SH +4) [potion of mutation]
   211 | D        | Gained mutation: Armour fits poorly on your strangely
                  | shaped body. [potion of mutation]
   211 | D        | Gained mutation: You have hidden genetic potential. [potion
                  | of mutation]
   291 | D        | Noticed a water elemental
   293 | D        | Killed a water elemental
   294 | D        | Reached skill level 12 in Stealth
   294 | D        | Reached XP level 4. HP: 22/23 MP: 5/5
   310 | D        | Found a shadowy altar of Dithmenos.
   310 | D        | Noticed a necrophage
   311 | D        | Found a basalt altar of Yredelemnul.
   311 | D        | Found a sacrificial altar of Ru.
   313 | D        | Reached skill level 13 in Stealth
   313 | D        | Killed a necrophage
   314 | D        | Reached skill level 14 in Stealth
   314 | D        | Reached XP level 5. HP: 28/28 MP: 6/6
   314 | D        | Gained mutation: You are strong-willed. (Will+) [hidden
                  | potential]
   317 | D        | Became a worshipper of Dithmenos the Shadowed
   336 | D        | Found a radiant altar of Vehumet.
   337 | D        | Found a shimmering blue altar of Sif Muna.
   337 | D        | Found an ancient bone altar of Kikubaaqudgha.
   339 | D        | Reached skill level 15 in Stealth
   351 | D        | Learned a level 1 spell: Slow
   355 | D        | Found a glowing silver altar of Zin.
   356 | D        | Found a glowing golden altar of the Shining One.
   356 | D        | Found a white marble altar of Elyvilon.
   356 | D        | Noticed a deep elf pyromancer
   358 | D        | Killed a deep elf pyromancer
   358 | D        | Reached * piety under Dithmenos
   359 | D        | Reached skill level 5 in Dodging
   359 | D        | Reached skill level 19 in Stealth
   359 | D        | Reached XP level 6. HP: 32/32 MP: 7/7
   359 | D        | Reached XP level 7. HP: 36/36 MP: 8/8
   370 | D        | Found a hide-covered altar of Uskayaw.
   370 | D        | Found an iron altar of Okawaru.
   371 | D        | Found a bloodstained altar of Trog.
   371 | D        | Found an ornate altar of the Wu Jian Council.
   371 | D        | Noticed a human
   371 | D        | Noticed a human
   373 | D        | Killed a human
   374 | D        | Reached skill level 20 in Stealth
   374 | D        | Killed a human
   375 | D        | Reached skill level 21 in Stealth
   388 | D        | Gained mutation: You have large cloven feet. [hidden
                  | potential]
   388 | D        | Lost mutation: You have hidden genetic potential. [hidden
                  | potential expressed]
   390 | D        | Noticed a shadow
   392 | D        | Killed a shadow
   392 | D        | Reached ** piety under Dithmenos
   393 | D        | Reached XP level 8. HP: 40/40 MP: 9/9
   398 | D        | Found a blossoming altar of Fedhas.
   398 | D        | Found a stormy altar of Qazlal.
   399 | D        | Found a snail-covered altar of Cheibriados.
   399 | D        | Found a burning altar of Makhleb.
   399 | D        | Found a hazy altar of Hepliaklqana.
   399 | D        | Found a shimmering altar of Xom.
   399 | D        | Found an opulent altar of Gozag.
   399 | D        | Found a sparkling altar of Nemelex Xobeh.
   399 | D        | Found a corrupted altar of Lugonu.
   399 | D        | Found a viscous altar of Jiyva.
   401 | D        | Reached skill level 22 in Stealth
   423 | D        | Reached *** piety under Dithmenos
   427 | D        | Reached skill level 23 in Stealth
   431 | D        | Noticed a two-headed ogre
   434 | D        | Killed a two-headed ogre
   439 | D        | Noticed a two-headed ogre
   439 | D        | Noticed Erolcha
   441 | D        | Killed Erolcha
   442 | D        | Reached skill level 25 in Stealth
   442 | D        | Reached XP level 9. HP: 45/45 MP: 10/10
   442 | D        | Killed a two-headed ogre
   442 | D        | Reached **** piety under Dithmenos
   451 | D        | Reached skill level 26 in Stealth
   463 | D        | Noticed a wandering mushroom
   467 | D        | Noticed a wandering mushroom
   469 | D        | Noticed a wandering mushroom
   470 | D        | Killed a wandering mushroom
   475 | D        | Killed a wandering mushroom
   475 | D        | Reached ***** piety under Dithmenos
   476 | D        | Reached skill level 27 in Stealth
   478 | D        | Killed a wandering mushroom
   505 | D        | Learned a level 3 spell: Confusing Touch
   545 | D        | Reached skill level 1 in Spellcasting
   545 | D        | Reached skill level 1 in Hexes
   559 | D        | Reached ****** piety under Dithmenos
   572 | D        | Found Wuucafa's Book Emporium.
   660 | D        | Bought a book of Burglary for 280 gold pieces
   663 | D        | Learned a level 2 spell: Ensorcelled Hibernation
   666 | D        | Learned a level 2 spell: Passwall
   670 | D        | Learned a level 3 spell: Swiftness
   711 | D        | Noticed Donald
   711 | D        | Noticed Frances
   713 | D        | Killed Frances
   714 | D        | Reached skill level 10 in Short Blades
   714 | D        | Reached XP level 10. HP: 45/49 MP: 10/20
   714 | D        | Killed Donald
   715 | D        | Reached skill level 1 in Evocations
   813 | D        | Noticed a cane toad
   813 | D        | Noticed a cane toad
   831 | D        | Killed a cane toad
   835 | D        | Killed a cane toad
   836 | D        | Reached skill level 1 in Shields
   836 | D        | Reached skill level 1 in Invocations
  1071 | D        | Noticed a lindwurm
  1074 | D        | Killed a lindwurm
  1075 | D        | Reached skill level 10 in Spellcasting
  1075 | D        | Reached skill level 10 in Hexes
  1083 | D        | Reached XP level 11. HP: 53/53 MP: 26/26
  1092 | D        | Noticed Urug
  1094 | D        | Killed Urug
  1274 | D        | Noticed an orange crystal statue
  1287 | D        | Found Naexzacki's Antique Weapon Emporium.
  1287 | D        | Found Rotraug's Distillery.
  1287 | D        | Found Down's Distillery.
  1287 | D        | Found Duhuub's Book Boutique.
  1287 | D        | Found Bemost's Antique Armour Emporium.
  1287 | D        | Found Utanlet's Antique Armour Shoppe.
  1287 | D        | Found Puugran's Weapon Shop.
  1287 | D        | Found Vomecka's Weapon Shop.
  1287 | D        | Found Lok Xiocw's Magic Scroll Emporium.
  1287 | D        | Found Ysyhaor's Jewellery Emporium.
  1287 | D        | Found Ycilesk's Distillery.
  1425 | D        | Bought a runed robe for 62 gold pieces
  1437 | D        | Bought a glowing dagger for 95 gold pieces
  1442 | D        | Bought a scroll of blinking for 75 gold pieces
  1443 | D        | Bought a potion of heal wounds for 55 gold pieces
  1443 | D        | Bought a potion of heal wounds for 55 gold pieces
  1450 | D        | Bought 2 potions of curing for 60 gold pieces
  1456 | D        | Bought a ring of flight for 245 gold pieces
  1468 | D        | Noticed a crystal guardian
  1468 | D        | Noticed a crystal guardian
  1468 | D        | Noticed a crystal guardian
  1468 | D        | Noticed a crystal guardian
  1469 | D        | Killed a crystal guardian
  1472 | D        | Killed a crystal guardian
  1475 | D        | Killed a crystal guardian
  1478 | D        | Killed a crystal guardian
  1479 | D        | Reached skill level 10 in Dodging
  1533 | D        | Noticed a yaktaur captain
  1542 | D        | Killed a yaktaur captain
  1556 | D        | Noticed Azrael
  1558 | D        | Killed Azrael
  1588 | D        | Acquired 975 gold pieces
  1592 | D        | Acquired 962 gold pieces
  1661 | D        | Reached skill level 5 in Fighting
  1746 | D        | Noticed Rupert
  1750 | D        | Killed Rupert
  1782 | D        | Noticed an azure jelly
  1782 | D        | Noticed an azure jelly
  1782 | D        | Noticed an azure jelly
  1782 | D        | Noticed an azure jelly
  1783 | D        | Noticed a dire elephant
  1783 | D        | Noticed a dire elephant
  1783 | D        | Noticed Gastronok
  1818 | D        | Killed a dire elephant
  1819 | D        | Reached XP level 12. HP: 60/60 MP: 31/31
  1837 | D        | Killed a dire elephant
  1859 | D        | Killed Gastronok
  1910 | D        | Reached skill level 15 in Spellcasting
  2001 | D        | Noticed an eight-headed hydra
  2001 | D        | Noticed a four-headed hydra
  2005 | D        | Killed a four-headed hydra
  2006 | D        | Reached skill level 15 in Hexes
  2006 | D        | Reached skill level 5 in Evocations
  2006 | D        | Killed an eight-headed hydra
  2021 | D        | Noticed Polyphemus
  2022 | D        | Noticed Ilsuiw
  2046 | D        | Killed Polyphemus
  2063 | D        | Reached skill level 5 in Shields
  2180 | D        | Noticed a merfolk javelineer
  2209 | D        | HP: 1/61 [poisoned by a sea snake]
  2210 | D        | Succumbed to a sea snake's poison

Illustrated notes

Levels and vault maps discovered:
D:        dungeon_sprint_mu [sprint_mu_entry_forest, sprint_mu_temple_rooms,
          sprint_mu_d1_spiders, sprint_mu_d2_genie, sprint_mu_d3_branching,
          sprint_mu_orc_legion, sprint_mu_elf_gauntlet, sprint_mu_hive_nellie,
          sprint_mu_lair_fedhas, sprint_mu_vaults_butterflies,
          sprint_mu_slime_circle, sprint_mu_shoals_archi,
          sprint_mu_snake_twists, sprint_mu_blade_basic,
          sprint_mu_crypt_fortress, sprint_mu_tomb_spiral,
          sprint_mu_vestibule_basic, sprint_mu_gehenna_hellfire,
          sprint_mu_dis_giant, sprint_mu_tartarus_statrot,
          sprint_mu_cocytus_islands, sprint_mu_zot1]

Skill      XL: |  1  2  3  4  5  6  7  8  9 10 11 12 |
---------------+-------------------------------------+-----
Stealth        | 9 12 14 19 21 25 27 | 27.0
Fighting       | 2 3 4 5 6 |  6.0
Dodging        | 2 3 5 7 8 9 11 13 | 13.5
Short Blades   | 3 4 6 7 8 10 11 12 13 | 13.3
Throwing       | 3 4 6 7 8 |  8.5
Spellcasting   | 6 10 14 15 | 15.9
Hexes          | 6 10 14 15 | 15.7
Evocations     | 2 4 5 |  5.6
Shields        | 1 3 5 |  5.0
Invocations    | 1 2 3 |  3.2

Action                   |  1- 3 |  4- 6 |  7- 9 | 10-12 || total
-------------------------+-------+-------+-------+-------++-------
Melee: Dagger            |    17 |     5 |    38 |   173 ||   233
       Punch             |     1 |       |       |     5 ||     6
       Kick              |       |       |     3 |    74 ||    77
Throw: Dart              |     8 |       |    12 |    33 ||    53
 Cast: Ensorcelled Hiber |       |       |       |     1 ||     1
Invok: Shadow Step       |       |       |     1 |     4 ||     5
Evoke: Box of beasts     |       |       |     1 |     6 ||     7
  Use: Potion            |     3 |       |     1 |    11 ||    15
       Scroll            |       |       |     2 |     4 ||     6
 Stab: Sleeping          |     3 |     5 |    17 |    25 ||    50
       Distracted        |       |       |       |     5 ||     5
Armor: Robe              |     1 |       |       |     3 ||     4
Dodge: Dodged            |    10 |       |    21 |    71 ||   102
Block: Other             |       |       |     2 |    18 ||    20

Table legend: (Time is in decaauts)
 A = Elapsed time spent in this place.
 B = Non-inter-level travel time spent in this place.
 C = Inter-level travel time spent in this place.
 D = Time resting spent in this place.
 E = Time spent auto-exploring this place.
 F = Levels seen in this place.
 G = Mean time per level.
                   A        B        C        D        E       F      G
               +--------+--------+--------+--------+--------+-----+--------+
         Total |   1692 |   1692 |      0 |    656 |     66 |   1 | 1692.0 |
       Dungeon |   1692 |   1692 |      0 |    656 |     66 |   1 | 1692.0 |
               +--------+--------+--------+--------+--------+-----+--------+

Top non-repeatable levels by time:
       D: 1692 daAuts
